| TOP OF THE 1ST |
|
Spokane Indians batting - Pitching for Idaho Falls Chukars : RHP Joey Ferguson
|
|
Pitching: RHP Joey Ferguson
|
|
|
Batting: RHB Rich Thurman
|
0-0: Foul Ball, location: 2F 0-1: Swinging Strike 0-2: Foul Ball, location: 2F 0-2: Foul Ball, location: 2F 0-2: Fly out, F9 (Flyball, 89M, EV 97.5 MPH)
|
|
Batting: RHB Ron Corn
|
0-0: Called Strike 0-1: Swinging Strike 0-2: Foul Ball, location: 2F 0-2: Foul Ball, location: 2F 0-2: Foul Ball, location: 2F 0-2: Strikes out swinging, 2-3 out at first.
|
|
Batting: RHB Matthew Starr
|
0-0: Ball 1-0: Ball 2-0: Ball 3-0: Base on Balls
|
|
Batting: RHB Dale Aubrey
|
0-0: Ball 1-0: Foul Ball, location: 2F 1-1: Called Strike 1-2: Ball 2-2: Fly out, F4 (Line Drive, 4, EV 75.6 MPH)
|
| Top of the 1st over - 0 runs, 0 hits, 0 errors, 1 left on base; Spokane 0 - Idaho Falls 0 |
| BOTTOM OF THE 1ST |
|
Idaho Falls Chukars batting - Pitching for Spokane Indians : RHP Arturo Vargas
|
|
Pitching: RHP Arturo Vargas
|
|
|
Batting: RHB Jon Shonka
|
0-0: Ball 1-0: Ball 2-0: Ball 3-0: Base on Balls
|
|
Batting: RHB Juan Nieves
|
0-0: Called Strike 0-1: Grounds into double play, 1-6-3 (Groundball, 13S, EV 62.5 MPH)
|
|
Batting: LHB Vicente Hernandez
|
0-0: Ball 1-0: Foul Ball, location: 2F 1-1: Foul Ball, location: 2F 1-2: SINGLE (Groundball, 34S, EV 68.1 MPH) (infield hit)
|
|
Batting: LHB Jayden Pelayo
|
0-0: TRIPLE (Line Drive, 78XD, EV 105.6 MPH) Vicente Hernandez scores
|
|
Batting: RHB Bill Cranton
|
0-0: Called Strike 0-1: Ball 1-1: Fly out, F9 (Flyball, 9D, EV 101.2 MPH)
|
| Bottom of the 1st over - 1 run, 2 hits, 0 errors, 1 left on base; Spokane 0 - Idaho Falls 1 |
| TOP OF THE 2ND |
|
Spokane Indians batting - Pitching for Idaho Falls Chukars : RHP Joey Ferguson
|
|
Batting: RHB Victor Moya
|
0-0: Called Strike 0-1: Ball 1-1: Ball 2-1: Foul Ball, location: 2F 2-2: Ball 3-2: Ground out 4-3 (Groundball, 4, EV 85.0 MPH)
|
|
Batting: RHB Salvador Caldera
|
0-0: Called Strike 0-1: Ball 1-1: Ball 2-1: Ball 3-1: Base on Balls
|
|
Batting: RHB Antonio Morado
|
0-0: Foul Ball, location: 2F 0-1: Fly out, F7 (Flyball, BS1, EV 97.5 MPH)
|
|
Batting: RHB Gabe Almazan
|
0-0: Ball Pickoff Throw to First - Out! 1-3
|
| Top of the 2nd over - 0 runs, 0 hits, 0 errors, 0 left on base; Spokane 0 - Idaho Falls 1 |
| BOTTOM OF THE 2ND |
|
Idaho Falls Chukars batting - Pitching for Spokane Indians : RHP Arturo Vargas
|
|
Batting: RHB Masakuni Takeuchi
|
0-0: Called Strike 0-1: Called Strike 0-2: Strikes out looking
|
|
Batting: RHB Shura Mogilny
|
0-0: Ball 1-0: Swinging Strike 1-1: Swinging Strike 1-2: Strikes out swinging
|
|
Batting: RHB Jason Conner
|
0-0: Ball 1-0: Ball 2-0: Ball 3-0: Swinging Strike 3-1: Ground out 5-3 (Groundball, 56S, EV 83.8 MPH)
|
| Bottom of the 2nd over - 0 runs, 0 hits, 0 errors, 0 left on base; Spokane 0 - Idaho Falls 1 |
| TOP OF THE 3RD |
|
Spokane Indians batting - Pitching for Idaho Falls Chukars : RHP Joey Ferguson
|
|
Batting: RHB Gabe Almazan
|
0-0: Ball 1-0: Ground out 5-3 (Groundball, 56, EV 106.9 MPH)
|
|
Batting: RHB Gavin Fimple
|
0-0: Foul Ball, location: 2F 0-1: Bunt for hit to 5S - play at first, batter safe!
|
|
Batting: RHB Rich Thurman
|
0-0: Called Strike Gavin Fimple steals 2nd base 0-1: Called Strike 0-2: Ball 1-2: Ground out 6-3 (Groundball, 6M, EV 103.1 MPH) Gavin Fimple to third
|
|
Batting: RHB Ron Corn
|
0-0: Ball 1-0: Foul Ball, location: 2F 1-1: Ball 2-1: Ground out U3 (Groundball, 3L, EV 76.9 MPH)
|
| Top of the 3rd over - 0 runs, 1 hit, 0 errors, 1 left on base; Spokane 0 - Idaho Falls 1 |
| BOTTOM OF THE 3RD |
|
Idaho Falls Chukars batting - Pitching for Spokane Indians : RHP Arturo Vargas
|
|
Batting: RHB Matt Weddle
|
0-0: Foul Ball, location: 2F 0-1: Swinging Strike 0-2: Strikes out swinging
|
|
Batting: RHB Jon Shonka
|
0-0: Fly out, F9 (Flyball, 89D, EV 84.4 MPH)
|
|
Batting: RHB Juan Nieves
|
0-0: Swinging Strike 0-1: Called Strike 0-2: Ball 1-2: Strikes out swinging
|
| Bottom of the 3rd over - 0 runs, 0 hits, 0 errors, 0 left on base; Spokane 0 - Idaho Falls 1 |
| TOP OF THE 4TH |
|
Spokane Indians batting - Pitching for Idaho Falls Chukars : RHP Joey Ferguson
|
|
Batting: RHB Matthew Starr
|
0-0: Swinging Strike 0-1: Ball 1-1: Ball 2-1: Called Strike 2-2: Strikes out swinging
|
|
Batting: RHB Dale Aubrey
|
0-0: Ball 1-0: Called Strike 1-1: Foul Ball, location: 2F 1-2: Ball 2-2: Fly out, F7 (Flyball, 7S, EV 74.4 MPH)
|
|
Batting: RHB Victor Moya
|
0-0: Called Strike 0-1: Foul Ball, location: 2F 0-2: Ball 1-2: Strikes out looking
|
| Top of the 4th over - 0 runs, 0 hits, 0 errors, 0 left on base; Spokane 0 - Idaho Falls 1 |
| BOTTOM OF THE 4TH |
|
Idaho Falls Chukars batting - Pitching for Spokane Indians : RHP Arturo Vargas
|
|
Batting: LHB Vicente Hernandez
|
0-0: Called Strike 0-1: Foul Ball, location: 2F 0-2: Ball 1-2: Ball 2-2: Ball 3-2: Strikes out swinging
|
|
Batting: LHB Jayden Pelayo
|
0-0: Called Strike 0-1: Foul Ball, location: 2F 0-2: Ball 1-2: Ball 2-2: Strikes out swinging, 2-3 out at first.
|
|
Batting: RHB Bill Cranton
|
0-0: Ball 1-0: Fly out, F8 (Flyball, 8LD, EV 100.0 MPH)
|
| Bottom of the 4th over - 0 runs, 0 hits, 0 errors, 0 left on base; Spokane 0 - Idaho Falls 1 |
| TOP OF THE 5TH |
|
Spokane Indians batting - Pitching for Idaho Falls Chukars : RHP Joey Ferguson
|
|
Batting: RHB Salvador Caldera
|
0-0: Hit by Pitch
|
|
Batting: RHB Antonio Morado
|
0-0: Ball 1-0: Foul Ball, location: 2F Balk! Salvador Caldera to second 1-1: Foul Ball, location: 2F 1-2: Ball 2-2: Strikes out looking
|
|
Batting: RHB Gabe Almazan
|
0-0: Ball 1-0: Ball Salvador Caldera is caught stealing 3rd base 2-5 2-0: Called Strike 2-1: Ball 3-1: Base on Balls
|
|
Batting: RHB Gavin Fimple
|
0-0: Called Strike 0-1: Ball 1-1: Foul Ball, location: 2F 1-2: Ball 2-2: Ball 3-2: Ground out 5-3 (Groundball, 56, EV 110.0 MPH)
|
| Top of the 5th over - 0 runs, 0 hits, 0 errors, 1 left on base; Spokane 0 - Idaho Falls 1 |
| BOTTOM OF THE 5TH |
|
Idaho Falls Chukars batting - Pitching for Spokane Indians : RHP Arturo Vargas
|
|
Batting: RHB Masakuni Takeuchi
|
0-0: Ball 1-0: Ball 2-0: Ball 3-0: Called Strike 3-1: Foul Ball, location: 2F 3-2: Strikes out looking
|
|
Batting: RHB Shura Mogilny
|
0-0: Ball 1-0: Ball 2-0: Called Strike 2-1: Swinging Strike 2-2: Strikes out swinging
|
|
Batting: RHB Jason Conner
|
0-0: Ground out 5-3 (Groundball, 56S, EV 84.4 MPH)
|
| Bottom of the 5th over - 0 runs, 0 hits, 0 errors, 0 left on base; Spokane 0 - Idaho Falls 1 |
| TOP OF THE 6TH |
|
Spokane Indians batting - Pitching for Idaho Falls Chukars : RHP Joey Ferguson
|
|
Pitching: RHP Obiniana Gaters
|
|
|
Batting: RHB Rich Thurman
|
0-0: Called Strike 0-1: Foul Ball, location: 2F 0-2: Ball 1-2: Fly out, F9 (Flyball, 9S, EV 85.0 MPH)
|
|
Pinch Hitting: LHB Yasahiko Teshima
|
0-0: Ball 1-0: Ball 2-0: DOUBLE (Line Drive, 9LD, EV 111.2 MPH)
|
|
Batting: RHB Matthew Starr
|
0-0: Called Strike 0-1: Called Strike 0-2: Ball 1-2: Fly out, F7 (Flyball, 7D, EV 98.8 MPH)
|
|
Batting: RHB Dale Aubrey
|
0-0: Ball 1-0: Ball 2-0: Foul Ball, location: 2F 2-1: Ground out 2-3 (Groundball, 15S, EV 69.4 MPH)
|
| Top of the 6th over - 0 runs, 1 hit, 0 errors, 1 left on base; Spokane 0 - Idaho Falls 1 |
| BOTTOM OF THE 6TH |
|
Idaho Falls Chukars batting - Pitching for Spokane Indians : RHP Arturo Vargas
|
|
Now in LF: Yasahiko Teshima
|
|
|
Now in RF: Salvador Caldera
|
|
|
Batting: RHB Matt Weddle
|
0-0: Ball 1-0: Ball 2-0: Ball 3-0: Called Strike 3-1: SINGLE (Groundball, 6MD, EV 104.4 MPH)
|
|
Batting: RHB Jon Shonka
|
0-0: Called Strike 0-1: Ball 1-1: SINGLE (Groundball, 34D, EV 93.8 MPH) Matt Weddle to second
|
|
Batting: RHB Juan Nieves
|
0-0: Called Strike 0-1: Ball 1-1: Swinging Strike 1-2: Foul Ball, location: 2F 1-2: Strikes out swinging
|
|
Batting: LHB Vicente Hernandez
|
0-0: Foul Ball, location: 2F 0-1: Ball 1-1: Called Strike 1-2: Ball 2-2: Grounds into double play, 6-4-3 (Groundball, 6, EV 94.4 MPH)
|
| Bottom of the 6th over - 0 runs, 2 hits, 0 errors, 1 left on base; Spokane 0 - Idaho Falls 1 |
| TOP OF THE 7TH |
|
Spokane Indians batting - Pitching for Idaho Falls Chukars : RHP Obiniana Gaters
|
|
Pinch Hitting: LHB Brian Gray
|
0-0: Called Strike 0-1: Swinging Strike 0-2: Foul Ball, location: 2F 0-2: Strikes out looking
|
|
Batting: RHB Salvador Caldera
|
0-0: Called Strike 0-1: Ball 1-1: Ball 2-1: Swinging Strike 2-2: Ground out 1-3 (Groundball, 15S, EV 65.6 MPH)
|
|
Pitching: RHP Paul Gibbens
|
|
|
Pinch Hitting: SHB David Simpson
|
0-0: Called Strike 0-1: Ground out U3 (Groundball, 34, EV 101.9 MPH)
|
| Top of the 7th over - 0 runs, 0 hits, 0 errors, 0 left on base; Spokane 0 - Idaho Falls 1 |
| BOTTOM OF THE 7TH |
|
Idaho Falls Chukars batting - Pitching for Spokane Indians : RHP Arturo Vargas
|
|
Now at 1B: David Simpson
|
|
|
Now at SS: Tony Rivera
|
|
|
Batting: LHB Jayden Pelayo
|
0-0: Called Strike 0-1: SINGLE (Groundball, 4MD, EV 101.9 MPH)
|
|
Batting: RHB Bill Cranton
|
0-0: Ball 1-0: Ball 2-0: Called Strike 2-1: Foul Ball, location: 2F 2-2: Ball 3-2: Base on Balls Jayden Pelayo to second
|
|
Batting: RHB Masakuni Takeuchi
|
0-0: Called Strike 0-1: Foul Ball, location: 2F 0-2: Strikes out looking
|
|
Batting: RHB Shura Mogilny
|
0-0: Ball 1-0: Swinging Strike 1-1: Swinging Strike 1-2: Foul Ball, location: 2F 1-2: Strikes out looking
|
|
Batting: RHB Jason Conner
|
0-0: Ball 1-0: Ball 2-0: Called Strike 2-1: Swinging Strike 2-2: Fielders Choice at 2nd, 6-4 (Groundball, 6, EV 85.6 MPH)
|
| Bottom of the 7th over - 0 runs, 1 hit, 0 errors, 2 left on base; Spokane 0 - Idaho Falls 1 |
| TOP OF THE 8TH |
|
Spokane Indians batting - Pitching for Idaho Falls Chukars : RHP Paul Gibbens
|
|
Pinch Hitting: LHB Gabriel Graves
|
0-0: Ball 1-0: Ball 2-0: Called Strike 2-1: Ball 3-1: Base on Balls
|
|
Batting: RHB Gavin Fimple
|
0-0: Bunt missed! 0-1: Bunt missed! 0-2: Foul Ball, location: 2F 0-2: Strikes out swinging
|
|
Pinch Hitting: LHB Lee Gerken
|
0-0: Called Strike 0-1: Ball 1-1: Ball 2-1: Ball 3-1: Base on Balls Gabriel Graves to second
|
|
Batting: LHB Yasahiko Teshima
|
0-0: Ball 1-0: Ball 2-0: Foul Ball, location: 2F 2-1: Ball 3-1: Called Strike 3-2: Fielders Choice at 2nd, 3-6 (Groundball, 34, EV 77.5 MPH) Gabriel Graves to third
|
|
Batting: LHB Yat-sen Zhu
|
0-0: Ball 1-0: Called Strike 1-1: Ball 2-1: Called Strike 2-2: Ball 3-2: Ground out 4-3 (Groundball, 4, EV 84.4 MPH)
|
| Top of the 8th over - 0 runs, 0 hits, 0 errors, 2 left on base; Spokane 0 - Idaho Falls 1 |
| BOTTOM OF THE 8TH |
|
Idaho Falls Chukars batting - Pitching for Spokane Indians : RHP Arturo Vargas
|
|
Now at 1B: Lee Gerken
|
|
|
Now at 2B: Gabriel Graves
|
|
|
Now at 3B: David Simpson
|
|
|
Batting: RHB Matt Weddle
|
0-0: Ball 1-0: Called Strike 1-1: Ball 2-1: Ball 3-1: Foul Ball, location: 2F 3-2: Strikes out swinging
|
|
Pitching: RHP Victor Morin
|
|
|
Batting: RHB Jon Shonka
|
0-0: Ball 1-0: Swinging Strike 1-1: Ball 2-1: Foul Ball, location: 2F 2-2: Foul Ball, location: 2F 2-2: Foul Ball, location: 2F 2-2: Strikes out swinging
|
|
Batting: RHB Juan Nieves
|
0-0: Ball 1-0: Swinging Strike 1-1: Swinging Strike 1-2: Strikes out swinging
|
| Bottom of the 8th over - 0 runs, 0 hits, 0 errors, 0 left on base; Spokane 0 - Idaho Falls 1 |
| TOP OF THE 9TH |
|
Spokane Indians batting - Pitching for Idaho Falls Chukars : RHP Paul Gibbens
|
|
Pitching: RHP Itsuki Eguchi
|
|
|
Now at 1B: Chris Stec
|
|
|
Now in LF: Jayden Pelayo
|
|
|
Now in RF: Danny Jefferies
|
|
|
Batting: RHB Dale Aubrey
|
0-0: Foul Ball, location: 2F 0-1: Ball 1-1: Foul Ball, location: 2F 1-2: Ground out 6-3 (Groundball, 6, EV 85.0 MPH)
|
|
Pinch Hitting: LHB Casper Kersten
|
0-0: Foul Ball, location: 2F 0-1: Ball 1-1: Foul Ball, location: 2F 1-2: Ball 2-2: Foul Ball, location: 2F 2-2: Ball 3-2: Hit by Pitch
|
|
Pinch Runner at 1st Scott King:
|
|
|
Batting: RHB Salvador Caldera
|
0-0: Ball 1-0: Ball 2-0: Ball 3-0: Base on Balls Scott King to second
|
|
Batting: SHB David Simpson
|
0-0: Foul Ball, location: 2F 0-1: Ball 1-1: Ball Wild Pitch! Scott King to third Salvador Caldera to second 2-1: Swinging Strike 2-2: SINGLE (Groundball, 34, EV 98.1 MPH) Scott King scores Salvador Caldera to third Runner from 3rd tries for Home, SAFE, throw by RF to home
|
|
Batting: LHB Gabriel Graves
|
0-0: Foul Ball, location: 2F 0-1: Ball 1-1: Swinging Strike 1-2: Strikes out swinging
|
|
Pinch Hitting: LHB Sumiki Okuhara
|
0-0: Ball 1-0: Called Strike 1-1: Swinging Strike 1-2: Strikes out looking
|
| Top of the 9th over - 2 runs, 1 hit, 0 errors, 1 left on base; Spokane 2 - Idaho Falls 1 |
| BOTTOM OF THE 9TH |
|
Idaho Falls Chukars batting - Pitching for Spokane Indians : RHP Victor Morin
|
|
Pitching: RHP John Carbonneau
|
|
|
Now at C: Mike Strey
|
|
|
Now at SS: Brace Harper
|
|
|
Now in LF: Sumiki Okuhara
|
|
|
Batting: RHB Chris Stec
|
0-0: Called Strike 0-1: Swinging Strike 0-2: SINGLE (Groundball, 56D, EV 94.4 MPH)
|
|
Batting: LHB Jayden Pelayo
|
0-0: Foul Ball, location: 2F 0-1: Ball 1-1: Ball 2-1: Ball 3-1: Foul Ball, location: 2F 3-2: Fly out, F6 (Popup, 6MD, EV 47.5 MPH)
|
|
Batting: RHB Bill Cranton
|
0-0: Ground out 4-3 (Groundball, 4S, EV 68.1 MPH) Chris Stec to second
|
|
Batting: RHB Masakuni Takeuchi
|
0-0: Foul Ball, location: 2F 0-1: Ball 1-1: Ball 2-1: Ball 3-1: Called Strike 3-2: Foul Ball, location: 2F 3-2: Ground out 4-3 (Groundball, 34, EV 96.2 MPH)
|
| Bottom of the 9th over - 0 runs, 1 hit, 0 errors, 1 left on base; Spokane 2 - Idaho Falls 1 |
|